 Dungeon Crawl Stone Soup version 0.28.0-45-g0d030f2227 (webtiles) character file.

Game seed: 12424131263446936257

298 Bruhh the Digger (level 6, -2/32 HPs)
             Began as a Gargoyle Earth Elementalist on Apr 22, 2022.
             Slain by an orc
             ... wielding a +0 flail
              (4 damage)
             ... on level 3 of the Dungeon.
             The game lasted 00:05:41 (3179 turns).

Bruhh the Digger (Gargoyle Earth Elementalist)      Turns: 3179, Time: 00:05:44

Health: -2/32      AC:  8    Str: 12    XL:     6   Next: 35%
Magic:  6/13       EV: 11    Int: 17    God:
Gold:   125        SH:  0    Dex: 10    Spells: 14/15 levels left

rFire   . . .      SeeInvis .   m - +2 dagger (drain)
rCold   . . .      Faith    .   (no shield)
rNeg    + . .      Spirit   .   r - +0 leather armour
rPois   ∞          Reflect  .   (no helmet)
rElec   +          Harm     .   (no cloak)
rCorr   .          Rampage  .   k - +0 pair of gloves
Will    .....                   (no boots)
Stlth   ++........              (no amulet)
HPRegen 0.10/turn               i - +4 ring of slaying
MPRegen 0.13/turn               j - ring of flight

@: flying
A: sickness immunity, AC +4, negative energy resistance 1, electricity
resistance, torment resistance 1, petrification resistance
a: no special abilities


You were on level 3 of the Dungeon.
You visited 1 branch of the dungeon, and saw 4 of its levels.

You collected 125 gold pieces.

Inventory:

Hand Weapons
 h - a +0 club
 m - a +2 dagger of draining (weapon)
Missiles
 c - 44 stones
Armour
 b - a +0 robe
 k - a +0 pair of gloves (worn)
 r - a +0 leather armour (worn)
Jewellery
 g - a ring of fire
 i - a +4 ring of slaying (left hand)
 j - a ring of flight (right hand)
 t - a +4 ring of protection
Wands
 v - a wand of paralysis (8)
Scrolls
 d - 2 scrolls of identify {unknown}
 l - a scroll of fog {unknown}
 n - a scroll of teleportation {unknown}
 q - a scroll of enchant weapon {unknown}
 u - a scroll of magic mapping {unknown}
Potions
 a - a potion of might {unknown}
 e - a potion of curing {unknown}
 f - 2 potions of heal wounds {unknown}
 o - a potion of flight {unknown}
 p - a potion of attraction {unknown}
 s - a potion of haste {unknown}


   Skills:
 - Level 1.5 Dodging
 - Level 2.1 Stealth
 - Level 5.0 Spellcasting
 - Level 0.7 Transmutations
 + Level 5.7 Earth Magic


You had 14 spell levels left.
You knew the following spells:

 Your Spells              Type           Power      Damage    Failure   Level
a - Sandblast             Erth           46%        2d11      1%          1

Your spell library contained the following spells:

 Spells                   Type           Power      Damage    Failure   Level
 Passwall                 Tmut/Erth      12%        N/A       8%          2
 Stone Arrow              Conj/Erth      26%        3d8       17%         3
 Animate Skeleton         Necr           8%         N/A       19%         1
 Magic Dart               Conj           16%        1d3       19%         1
 Pain                     Necr           16%        1d4       19%         1
 Call Imp                 Summ           4%         N/A       26%         2
 Petrify                  Tmut/Erth      15%        N/A       43%         4
 Mephitic Cloud           Conj/Pois/Air  4%         N/A       47%         3
 Vampiric Draining        Necr           4%         2d6       47%         3


Dungeon Overview and Level Annotations

Branches:
Dungeon (4/15)
 Temple: D:4-7

Altars:

Shops:
D:4 (?[

Annotations:
D:4 1 runed translucent door, Crazy Yiuf


Innate Abilities, Weirdness & Mutations

You are immune to sickness and miasma.
Your stone body is resilient. (AC +4)
You are immune to poison.
You resist negative energy. (rN+)
You are resistant to electric shocks. (rElec)
You are resistant to unholy torment.
You are immune to petrification.


Message History

The orc hits you with a +2 falchion of holy wrath.
The orc misses you.
The orc priest hits you with a +0 flail.
The blast of sand misses the orc priest.
The orc hits you with a +2 falchion of holy wrath!
The orc misses you.
The orc priest hits you but does no damage.
You are too injured to fight recklessly!
You are too injured to fight recklessly!
You are too injured to fight recklessly!
You are too injured to fight recklessly!
You are too injured to fight recklessly!
You closely miss the orc priest. The orc misses you.
The orc hits you with a +0 flail.
* * * LOW HITPOINT WARNING * * *
The orc priest closely misses you.
You hit the orc priest. You drain the orc priest.
The orc priest is lightly wounded.
The orc hits you but does no damage. x2
The orc priest looks satisfied for a moment.
You are too injured to fight recklessly!
Casting: Sandblast (safe; 1% risk of failure)
Confirm with . or Enter, or press ? or * to list all spells.
Aiming: Sandblast (safe; 1% risk of failure)
Press: ? - help, Shift-Dir - straight line, f/p - orc priest
Aim: an orc priest, wielding a +0 flail (lightly wounded, heavily drained, 81% to hit)
The blast of sand hits the orc priest!
You kill the orc priest!
The orc hits you with a +2 falchion of holy wrath.
* * * LOW HITPOINT WARNING * * *
The orc barely misses you.
Casting: Sandblast (safe; 1% risk of failure)
Confirm with . or Enter, or press ? or * to list all spells.
Aiming: Sandblast (safe; 1% risk of failure)
Press: ? - help, Shift-Dir - straight line, f - orc
Aim: an orc, wielding a +2 falchion of holy wrath, wearing a +0 leather armour and quivering boomerangs (81% to hit)
The blast of sand hits the orc!
You kill the orc!
The orc hits you with a +0 flail.
You die...

#...# #..÷..##.# #.#...
#...# #.....##.# #.#.##
##...####......#.#####.#.##
#......................#...
#..............#.##########
#..............###.........
#..........###.# #.####....
#........)o# #.###.####.###
#........)@# #.............
#############
#####.####.### #..........#
#.# #.# #..<.......# #.#
#.# #..........# #.# #.#
#..........# #.# #.#
#..........### #.# #.###
#).........'.# #.# #....
#..........#.# #.# #####


You could see an orc.

Vanquished Creatures
  A scorpion (D:4)
  2 orc priests (D:3)
  A hound (D:4)
  An iguana (D:4)
  2 orc wizards (D:4)
  3 worms
  2 dart slugs (D:2)
  5 orcs
  5 bats
  3 endoplasms
  3 giant cockroaches
  7 goblins
  9 hobgoblins
  2 quokkas
  5 ball pythons
  4 frilled lizards
  7 kobolds
  4 rats (D:2)
66 creatures vanquished.

Notes
Turn   | Place    | Note
-------+----------+-------------------------------------------
     0 | D:1      | Bruhh the Gargoyle Earth Elementalist began the quest for
                  | the Orb.
     0 | D:1      | Reached XP level 1. HP: 10/10 MP: 3/3
   246 | D:1      | Reached XP level 2. HP: 15/15 MP: 0/5
   565 | D:1      | Found a faded altar of an unknown god.
  1094 | D:2      | Reached XP level 3. HP: 19/19 MP: 5/7
  1852 | D:3      | Reached XP level 4. HP: 18/24 MP: 7/9
  2701 | D:4      | Found Ochakaymn's Magic Scroll Shoppe.
  2758 | D:4      | Noticed a scorpion
  2762 | D:4      | Killed a scorpion
  2763 | D:4      | Reached skill level 5 in Spellcasting
  2763 | D:4      | Reached XP level 5. HP: 26/28 MP: 8/12
  2817 | D:4      | Found Etziyxigh's Armour Shop.
  2858 | D:4      | Found a runed translucent door.
  2859 | D:4      | Noticed Crazy Yiuf
  3151 | D:4      | Found Nupiebo's Weapon Shoppe.
  3158 | D:4      | Reached skill level 5 in Earth Magic
  3158 | D:4      | Reached XP level 6. HP: 27/32 MP: 11/13
  3179 | D:3      | Slain by an orc

Illustrated notes

Levels and vault maps discovered:
D:1:      saegor_arrival_simple_d, layout_basic,
          hellmonk_ecumenical_altar_pennies_from_heaven
D:2:      layout_rooms
D:3:      layout_basic
D:4:      layout_basic, lemuel_round_altar, serial_shops,
          nicolae_shop_statue_plus, nicolae_take_the_stairs, shop, shop,
          minivault_27, nicolae_concentric_dashed_squares_wild,
          uniq_crazy_yiuf_cottage

Skill      XL: |  1  2  3  4  5 |
---------------+----------------+-----
Spellcasting   | 3 5 |  5.0
Earth Magic    | 5 |  5.7
Dodging        | |  1.5
Stealth        | |  2.1
Transmutations | |  0.7

Action                   |  1- 3 |  4- 6 || total
-------------------------+-------+-------++-------
Melee: Unarmed           |    14 |       ||    14
       Punch             |     1 |       ||     1
       Club              |    16 |       ||    16
       Dagger            |    16 |    31 ||    47
 Cast: Sandblast         |    46 |    18 ||    64
 Stab: Sleeping          |     1 |     1 ||     2
       Distracted        |     1 |       ||     1
Armor: Robe              |    18 |     2 ||    20
       Leather armour    |       |    12 ||    12
Dodge: Dodged            |    42 |    30 ||    72
